 Seeded DCSS version 0.28-a0-1159-g27aa881441 (webtiles) character file.

Game seed: 3047507878316767220 (custom seed)

5 croobank the Skirmisher (level 1, 0/23 HPs)
             Began as a Gnoll Abyssal Knight on Dec 15, 2021.
             Was an Initiate of Lugonu.
             Slain by a hobgoblin (2 damage)
             ... on level 2 of the Dungeon.
             The game lasted 00:03:07 (358 turns).

croobank the Skirmisher (Gnoll Abyssal Knight)       Turns: 358, Time: 00:03:07

Health: 0/23       AC:  3    Str: 12    XL:     1   Next: 80%
Magic:  3/3        EV: 12    Int:  9    God:    Lugonu [......]
Gold:   0          SH:  0    Dex: 12    Spells: 0/0 levels left

rFire   . . .      SeeInvis .   a - +1 hand axe
rCold   . . .      Faith    .   (no shield)
rNeg    . . .      Spirit   .   b - +0 leather armour
rPois   .          Reflect  .   (no helmet)
rElec   .          Harm     .   (no cloak)
rCorr   .          Rampage  .   (no gloves)
Will    .....                   (no boots)
Stlth   +.........              (no amulet)
HPRegen 0.07/turn               (no ring)
MPRegen 0.08/turn               (no ring)

@: no status effects
A: fangs 1, strong nose, distributed training
a: Renounce Religion


You were on level 2 of the Dungeon.
You worshipped Lugonu.
Lugonu was noncommittal.
You visited 1 branch of the dungeon, and saw 2 of its levels.
You visited the Abyss 1 time.

Inventory:

Hand Weapons
 a - a +1 hand axe (weapon)
Armour
 b - a +0 leather armour (worn)
 c - a +0 helmet


   Skills:
 + Level 6.4 Fighting
 + Level 0.1 Short Blades
 + Level 0.1 Long Blades
 + Level 4.4 Axes
 + Level 0.1 Maces & Flails
 + Level 0.1 Polearms
 + Level 0.1 Staves
 + Level 0.1 Slings
 + Level 0.1 Bows
 + Level 0.1 Crossbows
 + Level 0.1 Throwing
 + Level 4.4 Armour
 + Level 2.4 Dodging
 + Level 0.1 Stealth
 + Level 0.1 Shields
 + Level 0.1 Unarmed Combat
 + Level 0.1 Spellcasting
 + Level 0.1 Conjurations
 + Level 0.1 Hexes
 + Level 0.1 Summonings
 + Level 0.1 Necromancy
 + Level 0.1 Translocations
 + Level 0.1 Transmutations
 + Level 0.1 Fire Magic
 + Level 0.1 Ice Magic
 + Level 0.1 Air Magic
 + Level 0.1 Earth Magic
 + Level 0.1 Poison Magic
 + Level 4.4 Invocations
 + Level 0.1 Evocations


You couldn't memorise any spells.
You didn't know any spells.
Your spell library contained the following spells:

 Spells                   Type           Power      Damage    Failure   Level
 Petrify                  Tmut/Erth      0%         N/A       99%         4
 Metabolic Englaciation   Hex/Ice        0%         N/A       100%        5
 Statue Form              Tmut/Erth      0%         N/A       100%        6


Dungeon Overview and Level Annotations

Branches:
Dungeon (2/15)

Altars:


Innate Abilities, Weirdness & Mutations

You have very sharp teeth.
Your uncanny sense of smell can sniff out nearby items.
Your experience applies equally to all skills.


Message History

The bat is moderately wounded.
You closely miss the quokka. The bat barely misses you. x2
The quokka bites you.
You miss the bat. Your bite misses the bat.
The bat is moderately wounded.
You hit the quokka but do no damage. The bat barely misses you.
The bat closely misses you. The quokka misses you.
You barely miss the bat.
The bat is moderately wounded.
You hit the quokka. The bat closely misses you.
The quokka bites you but does no damage.
The bat misses you. The quokka bites you.
Found a stone staircase leading down.
The bat hits you but does no damage.
You miss the bat. You closely miss the quokka. The bat barely misses you.
The bat closely misses you. The quokka bites you. The bat barely misses you.
You barely miss the bat. You hit the quokka. The bat hits you.
The bat closely misses you. The quokka closely misses you. x2
You barely miss the bat. You barely miss the quokka. The bat hits you.
The quokka misses you. The bat closely misses you. The hobgoblin misses you.
The bat misses you.
A frilled lizard comes into view.
The frilled lizard hisses angrily.
The bat barely misses you.
You slash the bat!
You kill the bat!
Lugonu accepts your kill.
You hit the hobgoblin but do no damage. The hobgoblin hits you.
* * * LOW HITPOINT WARNING * * *
The hobgoblin closely misses you.
There is a stone staircase leading down here.
The frilled lizard bites you.
* * * LOW HITPOINT WARNING * * *
The hobgoblin closely misses you.
You climb downwards.
There is a stone staircase leading up here.
You aren't carrying any potions.
You aren't carrying any scrolls.
Unknown command.
The hobgoblin hits you.
You die...

#####
#...#
#.#.#
#g#.#
#.@.#
#.###
#..
###


You could see a hobgoblin.

Vanquished Creatures
  A goblin (D:1)
  A quokka (D:1)
  2 bats (D:1)
  A frilled lizard (D:1)
5 creatures vanquished.

Notes
Turn   | Place    | Note
-------+----------+-------------------------------------------
     0 | Abyss:1  | croobank the Gnoll Abyssal Knight began the quest for the
                  | Orb.
     0 | Abyss:1  | Reached XP level 1. HP: 23/23 MP: 3/3
    47 | Abyss:1  | Noticed an orange demon
    48 | Abyss:1  | Noticed an iron imp
    58 | Abyss:1  | Noticed a basilisk
    60 | Abyss:1  | Noticed a raiju
    61 | D:1      | Escaped the Abyss
   352 | D:1      | HP: 1/23 [frilled lizard (2)]
   358 | D:2      | Slain by a hobgoblin

Illustrated notes

Levels and vault maps discovered:
D:1:      dpeg_arrival_rooms_with_view, layout_basic, serial_shops, shop
D:2:      layout_basic, serial_shops, shop, hellmonk_ecumenical_altar_blasted,
          amcnicky_mini_rare_corridor_liquid, solitary_fountain,
          minmay_misc_feat_four_crosses, uniq_robin

Action                   || total
-------------------------++-------
Melee: Hand axe          ||    19
Invok: Depart the Abyss  ||     1
Armor: Leather armour    ||    14
Dodge: Dodged            ||    34

Table legend: (Time is in decaauts)
 A = Elapsed time spent in this place.
 B = Non-inter-level travel time spent in this place.
 C = Inter-level travel time spent in this place.
 D = Time resting spent in this place.
 E = Time spent auto-exploring this place.
 F = Levels seen in this place.
 G = Mean time per level.
                   A        B        C        D        E       F      G
               +--------+--------+--------+--------+--------+-----+--------+
         Total |    359 |    359 |      0 |    196 |     76 |   3 |  119.7 |
       Dungeon |    298 |    298 |      0 |    196 |     56 |   2 |  149.0 |
         Abyss |     61 |     61 |      0 |      0 |     20 |   1 |   61.0 |
               +--------+--------+--------+--------+--------+-----+--------+

Top non-repeatable levels by time:
     D:1: 293 daAuts
 Abyss:1: 61 daAuts
     D:2: 4 daAuts
